 Dungeon Crawl Stone Soup version 0.22.0-27-ga576289601 (webtiles) character file.

3943 DildoBatman the Charlatan (level 10, -3/74 HPs)
             Began as a Formicid Wizard on Aug 22, 2018.
             Was an Initiate of Sif Muna.
             Shot with an arrow by a centaur (14 damage)
             ... on level 8 of the Dungeon.
             The game lasted 00:41:09 (9161 turns).

DildoBatman the Charlatan (Formicid Wizard)         Turns: 9161, Time: 00:41:10

Health: -3/74      AC:  3    Str: 12    XL:     10   Next: 44%
Magic:  14/14      EV: 12    Int: 21    God:    Sif Muna [......]
Gold:   435        SH:  0    Dex:  9    Spells: 9/15 levels left

rFire    . . .     SeeInvis +   a - +2 trident (venom)
rCold    + . .     Gourm    .   (no shield)
rNeg     . . .     Faith    .   g - +0 robe {rC+}
rPois    .         Spirit   .   (helmet unavailable)
rElec    .         Reflect  .   (no cloak)
rCorr    +         Harm     .   y - +0 pair of gloves
MR       +....                  (no boots)
Stlth    +++.......             (no amulet)
HPRegen  0.22/turn              o - ring of resist corrosion
MPRegen  0.14/turn              (no ring)

@: no status effects
A: permanent stasis, dig shafts and tunnels, four strong arms, antennae 3
a: Dig, Shaft Self, Renounce Religion


You were on level 8 of the Dungeon.
You worshipped Sif Muna.
Sif Muna was noncommittal.
You were very hungry.

You visited 2 branches of the dungeon, and saw 9 of its levels.
You also visited: Ossuary.

You collected 435 gold pieces.

Inventory:

Hand Weapons
 a - a +2 trident of venom (weapon)
Missiles
 e - 38 bolts
 k - 119 arrows
 r - 40 poisoned needles
 t - 5 tomahawks (quivered)
 w - 64 sling bullets
 H - 176 stones
Armour
 g - a +0 robe of cold resistance (worn)
 y - a +0 pair of gloves (worn)
 A - a +2 shield
Jewellery
 o - a ring of resist corrosion (left hand)
Wands
 B - a wand of paralysis (10)
Scrolls
 f - a scroll of enchant armour {unknown}
 j - 3 scrolls of fear {unknown}
 l - 5 scrolls of magic mapping {unknown}
 m - 4 scrolls of identify {unknown}
 p - a scroll of enchant weapon {unknown}
 q - a scroll of random uselessness {unknown}
 s - 2 scrolls of fog {unknown}
 x - a scroll of remove curse
 E - a scroll of amnesia {unknown}
Potions
 c - 2 potions of agility {unknown}
 d - 4 potions of lignification {unknown}
 h - 2 potions of ambrosia {unknown}
 i - 3 potions of flight {unknown}
 n - 2 potions of curing
 u - a potion of invisibility {unknown}
 z - 2 potions of heal wounds {unknown}
 C - a potion of brilliance {unknown}
 D - a potion of haste {unknown}
 F - 2 potions of degeneration {unknown}
Comestibles
 b - 8 chunks of flesh
 v - 9 rations


   Skills:
 - Level 5.1 Fighting
 - Level 4.4 Polearms
 - Level 4.0 Armour
 - Level 2.0 Dodging
 - Level 5.0 Stealth
 * Level 4.2 Shields
 - Level 3.2 Spellcasting
 - Level 4.0 Conjurations
 - Level 6.1 Hexes
   Level 1.0 Summonings
   Level 0.8 Translocations
 - Level 3.0 Air Magic
 - Level 6.0 Poison Magic
 - Level 6.2 Evocations


You had 9 spell levels left.
You knew the following spells:

 Your Spells              Type           Power        Failure   Level  Hunger
a - Slow                  Hex            ####....     1%          2    ##.....
c - Magic Dart            Conj           ###.         2%          1    None
e - Mephitic Cloud        Conj/Pois/Air  ###.....     6%          3    ###....

Your spell library contained the following spells:

 Spells                   Type           Power        Failure   Level  Hunger
 Call Imp                 Summ           #.......     13%         2    ##.....
 Conjure Flame            Conj/Fire      ##......     17%         3    ###....
 Blink                    Tloc           Unusable     N/A         2    N/A

Dungeon Overview and Level Annotations

Branches:
Dungeon (8/15)             Temple (1/1) D:7
   Lair: D:8-11

Altars:
Ashenzari
Cheibriados
Dithmenos
Elyvilon
Fedhas
Gozag
Hepliaklqana
Kikubaaqudgha
Makhleb
Nemelex Xobeh
Okawaru
Qazlal
Ru
Sif Muna
Trog
Uskayaw
Vehumet
Wu Jian
Xom
Yredelemnul
Zin
The Shining One

Shops:
D:6 %


Innate Abilities, Weirdness & Mutations

You cannot be hasted, slowed, berserked, paralysed or teleported.
You can dig through walls and to a lower floor.
Your four strong arms can wield two-handed weapons with a shield.
You have a pair of large antennae on your head. (SInv)


Message History

You dig through the rock wall.
You dig through the rock wall.
You dig through the rock wall.
You dig through the rock wall.
You dig through the rock wall.
You are feeling very hungry.
The ooze closely misses you.
You retract your mandibles.
The crimson imp blinks!
The centaur shoots an arrow.
The arrow hits you! The crimson imp hits you.
You see here an arrow.
The centaur shoots an arrow.
The arrow barely misses you.
The crimson imp hits you but does no damage.
There is a stone staircase leading up, spattered with blood here.
The centaur shoots an arrow.
The arrow hits you!
You die...

### ####.#######c..## ##.##
##.....##...{..###
##.#J####..............##
##.###.##........(.......##
##.## ##{..(....).........#.
##5## ##.#J...............#.
#{## #.##.(..............#.
##.######.#J5..).............
##.{.#...#.@.........†...>..
##.........#.....)...:.......
#..........c......##.....#...
#...........####?.########...
#...........# #....# #...
##.........## #....# #...
##...#...## #....# #.<.
######### #....# #... #....#
#...


You could see a centaur, a crimson imp and 2 oozes.

Vanquished Creatures
  Pikel (D:7)
  A hippogriff (D:8)
  Sigmund (D:2)
  3 yaks
  A human (D:6)
  A hungry ghost (D:6)
  4 slaves
  An ice beast (D:5)
  A phantom (D:3)
  2 centaurs
  4 ogres
  2 big kobolds (D:7)
  2 bullfrogs
  A gnoll sergeant (D:8)
  A scorpion (D:8)
  6 killer bees
  3 crimson imps
  A quasit (D:7)
  A bullfrog zombie (D:7)
  A bullfrog skeleton (D:8)
  2 hounds
  A jelly (D:8)
  A centaur skeleton (D:6)
  2 human zombies (Ossuary)
  3 orc priests
  2 orc wizards
  Natasha (thrice) (D:2)
  3 iguanas
  5 worker ants
  A hound skeleton (D:4)
  4 mummies (Ossuary)
  A worker ant zombie (D:5)
  14 gnolls
  7 adders
  An ooze (D:5)
  3 adder zombies
  2 adder skeletons
  4 worms
  A dart slug (D:4)
  6 leopard geckos
  15 orcs
  5 bats
  A giant cockroach (D:1)
  7 goblins
  7 hobgoblins
  7 jackals
  A quokka (D:5)
  5 frilled lizards
  A goblin zombie (Ossuary)
  A jackal skeleton (D:6)
  A jackal zombie (Ossuary)
  14 kobolds
  2 kobold zombies (D:6)
  5 orc zombies (Ossuary)
  2 quokka skeletons
  11 rats
  A rat zombie (Ossuary)
190 creatures vanquished.

Notes
Turn   | Place    | Note
-------+----------+-------------------------------------------
     0 | D:1      | DildoBatman the Formicid Wizard began the quest for the Orb.
     0 | D:1      | Reached XP level 1. HP: 13/13 MP: 4/4
    30 | D:1      | Reached skill level 1 in Conjurations
   174 | D:1      | Reached XP level 2. HP: 19/19 MP: 3/6
   538 | D:1      | Reached XP level 3. HP: 24/24 MP: 3/7
   822 | D:2      | Noticed an ogre
   915 | D:1      | Learned a level 2 spell: Slow
   919 | D:1      | Learned a level 3 spell: Mephitic Cloud
  1280 | D:2      | Noticed Natasha
  1447 | D:2      | Reached XP level 4. HP: 30/30 MP: 3/8
  1502 | D:2      | Killed an ogre
  1502 | D:2      | Reached skill level 1 in Fighting
  1502 | D:2      | Reached skill level 1 in Polearms
  1502 | D:2      | Reached XP level 5. HP: 38/38 MP: 4/9
  1571 | D:2      | Killed Natasha
  1733 | D:2      | Noticed Natasha
  1752 | D:2      | Killed Natasha
  1752 | D:2      | Reached XP level 6. HP: 44/44 MP: 7/10
  1759 | D:2      | Noticed Natasha
  1770 | D:2      | Killed Natasha
  2057 | D:3      | Reached skill level 1 in Poison Magic
  2082 | D:3      | Reached skill level 1 in Hexes
  2183 | D:3      | Noticed Sigmund
  2595 | D:3      | Reached skill level 1 in Air Magic
  2615 | D:3      | Reached XP level 7. HP: 29/50 MP: 7/11
  3107 | D:4      | Found a sand-covered staircase.
  3296 | D:4      | Reached skill level 1 in Armour
  3429 | Ossuary  | Entered an ossuary
  4710 | D:5      | Entered Level 5 of the Dungeon
  4961 | D:5      | Reached skill level 1 in Evocations
  4961 | D:5      | Reached XP level 8. HP: 44/56 MP: 6/12
  5117 | D:5      | Found an ornate altar of the Wu Jian Council.
  5520 | D:6      | Found a hide-covered altar of Uskayaw.
  5521 | D:6      | Found a stormy altar of Qazlal.
  5563 | D:6      | Found Ebrujeb's Food Emporium.
  5748 | D:6      | Found a runed door.
  5748 | D:6      | Noticed a human
  5752 | D:6      | Found a basalt altar of Yredelemnul.
  5780 | D:6      | Killed a human
  6334 | D:6      | Reached XP level 9. HP: 43/62 MP: 4/13
  6782 | D:7      | Noticed Pikel
  6813 | D:6      | Reached skill level 5 in Stealth
  7241 | D:7      | Reached skill level 5 in Fighting
  7806 | D:7      | Reached skill level 5 in Hexes
  7806 | D:7      | Reached skill level 5 in Poison Magic
  7975 | D:7      | Found a staircase to the Ecumenical Temple.
  7980 | Temple   | Entered the Ecumenical Temple
  8079 | Temple   | Became a worshipper of Sif Muna the Loreminder
  8207 | D:7      | Killed Pikel
  8207 | D:7      | Reached skill level 5 in Evocations
  8207 | D:7      | Reached XP level 10. HP: 33/74 MP: 9/14
  8464 | D:2      | Killed Sigmund
  8652 | D:7      | Reached skill level 1 in Shields
  8990 | D:8      | Found a burning altar of Makhleb.
  9161 | D:8      | Shot with an arrow by a centaur

Skill      XL: |  1  2  3  4  5  6  7  8  9 10 |
---------------+-------------------------------+-----
Conjurations   | 1 2 3 4 |  4.0
Fighting       | 1 2 5 |  5.1
Polearms       | 1 2 3 4 |  4.4
Dodging        | 2 |  2.0
Poison Magic   | 2 3 4 5 6 |  6.0
Hexes          | 1 3 5 6 |  6.1
Stealth        | 3 5 |  5.0
Air Magic      | 1 2 3 |  3.0
Armour         | 2 4 |  4.0
Evocations     | 1 4 5 6 |  6.2
Shields        | 4 |  4.2
Spellcasting   | |  3.2
Summonings     | |  1.0
Translocations | |  0.8

Action                   |  1- 3 |  4- 6 |  7- 9 | 10-12 || total
-------------------------+-------+-------+-------+-------++-------
Melee: Unarmed           |     5 |       |       |       ||     5
       Dagger            |    14 |       |       |       ||    14
       Halberd           |     2 |    91 |       |       ||    93
       Trident           |       |    10 |   277 |    72 ||   359
Throw: Stone             |       |       |     2 |       ||     2
 Cast: Magic Dart        |    59 |    21 |   176 |    17 ||   273
       Mephitic Cloud    |     2 |    16 |    32 |     9 ||    59
       Slow              |       |       |     6 |    11 ||    17
 Abil: Dig               |     1 |     4 |     6 |     5 ||    16
Evoke: Wand              |       |       |     4 |     1 ||     5
  Use: Scroll            |       |       |     3 |       ||     3
 Stab: Confused          |     2 |     6 |     7 |     4 ||    19
       Sleeping          |     1 |     3 |     1 |     1 ||     6
       Paralysed         |       |       |     7 |     2 ||     9
  Eat: Chunk             |     1 |     6 |    12 |     5 ||    24
       Ration            |       |       |     3 |       ||     3
Armor: Robe              |     1 |     7 |    18 |     2 ||    28
Dodge: Dodged            |    17 |    51 |   146 |    31 ||   245
